 Dungeon Crawl Stone Soup version 0.29.1-2-gbd0b4ee654 (webtiles) character file.

Game seed: 10960412422781306495

63 styxcanada the Sneak (level 3, 0/18 HPs)
             Began as a Spriggan Brigand on Nov 27, 2022.
             Killed from afar by Sigmund (7 damage)
             ... with a magic dart
             ... on level 2 of the Dungeon.
             The game lasted 00:04:20 (1387 turns).

styxcanada the Sneak (Spriggan Brigand)             Turns: 1387, Time: 00:04:21

Health: 0/18       AC:  3    Str:  7    XL:     3   Next: 89%
Magic:  4/4        EV: 16    Int: 12    God:
Gold:   60         SH:  0    Dex: 18    Spells: 2/2 levels left

rFire   . . .      SeeInvis +   a - +2 dagger
rCold   . . .      Faith    .   (no shield)
rNeg    . . .      Spirit   .   b - +0 robe
rPois   .          Reflect  .   (helmet restricted)
rElec   .          Harm     .   c - +0 cloak
rCorr   .          Rampage  .   (gloves unavailable)
Will    .....                   (boots unavailable)
Stlth   ++........              (no amulet)
HPRegen 0.06/turn               (no ring)
MPRegen 0.09/turn               (no ring)

@: confused, very quick
A: very small, no large weapons, unfitting armour, see invisible, speed 3
a: no special abilities


You were on level 2 of the Dungeon.
You visited 1 branch of the dungeon, and saw 2 of its levels.

You collected 60 gold pieces.

Inventory:

Hand Weapons
 a - a +2 dagger (weapon)
Missiles
 d - 7 poisoned darts (quivered)
 e - 3 curare-tipped darts
 g - 19 stones
 o - a throwing net
Armour
 b - a +0 robe (worn)
 c - a +0 cloak (worn)
Jewellery
 i - an amulet of magic regeneration
Scrolls
 f - 2 scrolls of amnesia {unknown}
 h - a scroll of magic mapping {unknown}
 j - a scroll of fear {unknown}
 k - a scroll of vulnerability {unknown}
 n - a scroll of identify {unknown}
 q - a scroll of summoning {unknown}
Potions
 l - a potion of lignification {unknown}
 m - a potion of might {unknown}
 p - a potion of degeneration {unknown}


   Skills:
 + Level 2.2 Fighting
 + Level 2.9 Short Blades
 + Level 2.0 Throwing
 + Level 1.5 Dodging
 + Level 7.1 Stealth


You had 2 spell levels left.
You didn't know any spells.
Your spell library was empty.

Dungeon Overview and Level Annotations

Branches:
Dungeon (2/15)

Altars:

Shops:
D:2 :

Annotations:
D:2 Sigmund


Innate Abilities, Weirdness & Mutations

You are very small and have problems with some larger weapons.
You are too small for most types of armour.
You have supernaturally acute eyesight. (SInv)
You cover ground extremely quickly. (Speed+++)


Message History

You completely miss the bat. The bat hits you but does no damage.
The bat barely misses you.
You hit the bat.
You kill the bat!
p - a metallic green potion
There is a fountain of clear blue water here.
q - a scroll labelled HITHY ANODAIFI You start resting.
HP restored.
Things that are here:
a +0 dagger; a goblin corpse You now have 60 gold pieces (gained 18).
There is an entrance to Jodel's Vocational Training here.
Things that are here:
a +0 dagger; a goblin corpse
There is a fountain of clear blue water here.
Sigmund the Dreaded comes into view.
He is wielding a +1 scythe of freezing.
Sigmund shouts!
Throw: 9 darts (poison)
Press: ? - help, Q - select action, (/) - cycle Shift-Dir - straight line, f - Sigmund
Aim: Sigmund, wielding a +1 scythe of freezing and wearing a +0 robe (60% to hit)
You throw a poisoned dart. The poisoned dart hits Sigmund.
Sigmund is poisoned.
Unknown command.
Sigmund breathes a few words.
Sigmund's hands start flickering wildly.
Sigmund casts a spell at you.
You are confused.
Non-targeted confused throw: 8 darts (poison)
Press: ? - help, Q - select action, (/) - cycle Dir - look around, f - activate You throw a poisoned dart.
Sigmund casts a spell at you. The puff of flame hits you!
Ouch! That really hurt!
You bump into the rock wall.
You're too confused to move!
You bump into the rock wall.
Sigmund barely misses you.
You bump into the rock wall.
Sigmund gestures at you while chanting. The magic dart hits you!
You die...

###########
#.@@.......
#########
#(#########
#.......# #.#
##.⌠...⌠.####.#
#....∩.....##.#
#..⌠†.)⌠......#
#........###[.# #
#..#.....# #..#
###..#.###.###.###


You could see Sigmund (poisoned).

Vanquished Creatures
  2 adders (D:2)
  A worm (D:2)
  A dart slug (D:1)
  5 bats
  5 endoplasms
  A giant cockroach (D:2)
  3 goblins
  6 hobgoblins
  3 quokkas (D:1)
  A ball python (D:1)
  2 frilled lizards
  4 kobolds
  4 rats
38 creatures vanquished.

Vanquished Creatures (others)
  2 plants (D:1)
2 creatures vanquished.

Grand Total: 40 creatures vanquished

Notes
Turn   | Place    | Note
-------+----------+-------------------------------------------
     0 | D:1      | styxcanada the Spriggan Brigand began the quest for the
                  | Orb.
     0 | D:1      | Reached XP level 1. HP: 10/10 MP: 2/2
   128 | D:1      | Reached skill level 6 in Stealth
   485 | D:1      | Reached XP level 2. HP: 15/15 MP: 3/3
  1007 | D:1      | Reached XP level 3. HP: 16/18 MP: 4/4
  1247 | D:2      | Reached skill level 7 in Stealth
  1295 | D:2      | Found Jodel's Vocational Training.
  1375 | D:2      | Noticed Sigmund
  1387 | D:2      | Killed from afar by Sigmund

Illustrated notes

Levels and vault maps discovered:
D:1:      dpeg_arrival_ternary, layout_rooms, hex_tiny, serial_bayou_lagoon_b
D:2:      minmay_alternating_diamond, layout_loops_ring,
          shapermc_ecumenical_altar_totnotflames, nicolae_shop_vocational,
          uniq_sigmund

Skill      XL: |  1  2  3 |
---------------+----------+-----
Stealth        | 6 7 |  7.1
Fighting       | 2 |  2.2
Short Blades   | |  2.9
Throwing       | |  2.0
Dodging        | |  1.5

Action                   || total
-------------------------++-------
Melee: Dagger            ||    94
Throw: Dart              ||     4
 Stab: Sleeping          ||    13
Armor: Robe              ||    17
Dodge: Dodged            ||    47
